 Dungeon Sprint DCSS version 0.24-a0-203-gf0bc1e9 (webtiles) character file.

Game seed: 6610874718935736798

1236 nikopol the Arsonist (level 8, -1/41 HPs)
             Began as a Deep Elf Fire Elementalist on Mar 27, 2019.
             Was a Believer of Vehumet.
             Slain by a demonic crawler (9 damage)
             ... in the Dungeon (Sprint I: "Red Sonja").
             The game lasted 00:04:13 (702 turns).

nikopol the Arsonist (Deep Elf Fire Elementalist)    Turns: 702, Time: 00:04:14

Health: -1/41      AC:  3    Str:  5    XL:     8   Next: 24%
Magic:  15/26      EV: 17    Int: 23    God:    Vehumet [**....]
Gold:   422        SH:  0    Dex: 15    Spells: 18/31 levels left

rFire    . . .     SeeInvis .   (no weapon)
rCold    . . .     Gourm    .   (no shield)
rNeg     . . .     Faith    .   b - +1 robe {Archmagi}
rPois    .         Spirit   .   (no helmet)
rElec    .         Reflect  .   (no cloak)
rCorr    .         Harm     .   (no gloves)
MR       .....     NoTele   +   (no boots)
Stlth    +++.......             (no amulet)
HPRegen  0.13/turn              (no ring)
MPRegen  0.20/turn              (no ring)

@: no status effects
A: no striking features
a: Renounce Religion


You were in the Dungeon.
You worshipped Vehumet.
Vehumet was pleased with you.
You were not hungry.

You visited 1 branch You collected 422 gold pieces.

Inventory:

Armour
 a - a +0 robe
 b - a +1 robe of the Archmagi (worn)
Scrolls
 i - a scroll of blinking
Potions
 d - a potion of curing
 e - a potion of heal wounds
 f - a potion of haste
 g - a potion of magic
 h - a potion of berserk rage
Comestibles
 c - a ration


   Skills:
 + Level 7.9 Dodging
 + Level 6.0 Stealth
 + Level 12.4 Spellcasting
 + Level 6.5 Conjurations
 + Level 13.4 Fire Magic


You had 18 spell levels left.
You knew the following spells:

 Your Spells              Type           Power        Failure   Level  Hunger
a - Flame Tongue          Conj/Fire      #####        1%          1    None
c - Conjure Flame         Conj/Fire      ######..     1%          3    None
d - Sticky Flame          Conj/Fire      ######..     1%          4    None
e - Fireball              Conj/Fire      ######....   1%          5    ###....

Your spell library contained the following spells:

 Spells                   Type           Power        Failure   Level  Hunger
 Sting                    Conj/Pois      ####         1%          1    None
 Throw Flame              Conj/Fire      ######       1%          2    None
 Inner Flame              Hex/Fire       ######..     1%          3    None


Dungeon Overview and Level Annotations

Branches:
Dungeon (1/1)

Altars:
Cheibriados
Dithmenos
Elyvilon
Fedhas
Gozag
Hepliaklqana
Kikubaaqudgha
Makhleb
Nemelex Xobeh
Okawaru
Qazlal
Ru
Sif Muna
Trog
Uskayaw
Vehumet
Wu Jian
Xom
Yredelemnul
Zin
The Shining One
Jiyva
Lugonu

Shops:
D (

Annotations:
D Sonja


Message History

Confirm with . or Enter, or press ? or * to list all spells.
Aiming: Sticky Flame (safe; 1% risk of failure)
Press: ? - help, Shift-Dir - straight line, f - demonic crawler, p - demonic crawler
Aim: a demonic crawler (flame, clinging)
You feel a surge of power!
The sticky flame hits the demonic crawler but does no damage.
The demonic crawler is covered in liquid flames!
The demonic crawler burns! x2; The demonic crawler barely misses you.
The demonic crawler misses you. The demonic crawler barely misses you.
The demonic crawler is engulfed in blazing flames.
The demonic crawler hits you! x2; The demonic crawler barely misses you. x2
The demonic crawler hits you!
* * * LOW HITPOINT WARNING * * *
The demonic crawler hits you.
* * * LOW HITPOINT WARNING * * *
The demonic crawler burns!
The demonic crawler stops burning.
The demonic crawler burns!
The demonic crawler is engulfed in blazing flames.
The demonic crawler barely misses you. The demonic crawler hits you!
You die...

###################
).#..'..#__#..')..#
..)..#..'^.'..#)@s##+#
#'#####'#__####..s§s.#
..#...#(#### #####s.+
###..##.# ## __##'#_.+
...'..._# __##_.#+#
__###+# ### .#


You could see 4 demonic crawlers.

Vanquished Creatures
  2 kobold demonologists (D)
  A slime creature (D)
  Sigmund (D)
  A yak (D)
  A floating eye (D)
  An ogre (D)
  A jelly (D)
  Ijyb (D)
9 creatures vanquished.

Vanquished Creatures (others)
  A gargoyle (D)
1 creature vanquished.

Grand Total: 10 creatures vanquished

Notes
Turn   | Place    | Note
-------+----------+-------------------------------------------
     0 | D        | nikopol the Deep Elf Fire Elementalist began the quest for
                  | the Orb.
     0 | D        | Reached XP level 1. HP: 10/10 MP: 6/6
     1 | D        | Noticed Ijyb
    13 | D        | Killed Ijyb
    13 | D        | Reached skill level 5 in Fire Magic
    13 | D        | Reached XP level 2. HP: 12/15 MP: 2/9
    13 | D        | Reached XP level 3. HP: 15/19 MP: 2/11
    92 | D        | Learned a level 3 spell: Conjure Flame
    96 | D        | Noticed an ogre
   128 | D        | Killed an ogre
   128 | D        | Reached skill level 8 in Fire Magic
   128 | D        | Reached XP level 4. HP: 24/24 MP: 3/14
   134 | D        | Learned a level 4 spell: Sticky Flame
   206 | D        | Noticed Sigmund
   228 | D        | Killed Sigmund
   228 | D        | Reached skill level 5 in Dodging
   228 | D        | Reached skill level 10 in Fire Magic
   228 | D        | Reached XP level 5. HP: 21/28 MP: 5/18
   228 | D        | Reached XP level 6. HP: 24/32 MP: 5/19
   326 | D        | Learned a level 5 spell: Fireball
   346 | D        | Found a deep blue altar of Sif Muna.
   347 | D        | Found an ornate altar of the Wu Jian Council.
   350 | D        | Reached skill level 5 in Stealth
   351 | D        | Found a radiant altar of Vehumet.
   359 | D        | Became a worshipper of Vehumet
   377 | D        | Found Padov's Antique Weapon Emporium.
   377 | D        | Found an ancient bone altar of Kikubaaqudgha.
   377 | D        | Found a hazy altar of Hepliaklqana.
   377 | D        | Found a hide-covered altar of Uskayaw.
   377 | D        | Found a basalt altar of Yredelemnul.
   377 | D        | Found an opulent altar of Gozag.
   377 | D        | Found a snail-covered altar of Cheibriados.
   377 | D        | Found a sacrificial altar of Ru.
   377 | D        | Found a shadowy altar of Dithmenos.
   377 | D        | Noticed a yak
   379 | D        | Found a stormy altar of Qazlal.
   379 | D        | Found a blossoming altar of Fedhas.
   379 | D        | Found a bloodstained altar of Trog.
   379 | D        | Found an iron altar of Okawaru.
   379 | D        | Found a glowing silver altar of Zin.
   384 | D        | Killed a yak
   384 | D        | Reached skill level 11 in Fire Magic
   513 | D        | Found a glowing golden altar of the Shining One.
   513 | D        | Found a white marble altar of Elyvilon.
   515 | D        | Found a sparkling altar of Nemelex Xobeh.
   515 | D        | Killed a gargoyle
   524 | D        | Noticed Sonja
   533 | D        | Found a burning altar of Makhleb.
   533 | D        | Found a viscous altar of Jiyva.
   533 | D        | Found a shimmering altar of Xom.
   533 | D        | Found a corrupted altar of Lugonu.
   533 | D        | Noticed a slime creature
   547 | D        | Killed a slime creature
   547 | D        | Reached skill level 10 in Spellcasting
   547 | D        | Reached skill level 5 in Conjurations
   547 | D        | Reached skill level 12 in Fire Magic
   547 | D        | Reached XP level 7. HP: 36/36 MP: 13/23
   626 | D        | Noticed a kobold demonologist
   626 | D        | Noticed a kobold demonologist
   628 | D        | Reached * piety under Vehumet
   628 | D        | Offered knowledge of Sting by Vehumet.
   630 | D        | Killed a kobold demonologist
   630 | D        | Killed a kobold demonologist
   630 | D        | Reached ** piety under Vehumet
   630 | D        | Reached skill level 13 in Fire Magic
   630 | D        | Reached XP level 8. HP: 41/41 MP: 13/26
   698 | D        | Noticed a demonic crawler
   698 | D        | Noticed a demonic crawler
   698 | D        | Noticed a demonic crawler
   698 | D        | Noticed a demonic crawler
   702 | D        | Slain by a demonic crawler

Levels and vault maps discovered:
D:        dungeon_sprint_1 [red_sonja_temple_1, red_sonja_temple_small_1]

Skill      XL: |  1  2  3  4  5  6  7 |
---------------+----------------------+-----
Dodging        | 3 4 5 6 7 |  7.9
Stealth        | 3 4 5 6 |  6.0
Spellcasting   | 4 6 8 10 12 | 12.4
Fire Magic     | 5 8 10 12 13 | 13.4
Conjurations   | 2 3 5 6 |  6.5

Action                   |  1- 3 |  4- 6 |  7- 9 || total
-------------------------+-------+-------+-------++-------
 Cast: Flame Tongue      |    13 |    14 |       ||    27
       Conjure Flame     |     1 |     1 |     2 ||     4
       Sticky Flame      |       |     3 |     2 ||     5
       Fireball          |       |       |     3 ||     3
  Use: Potion            |     1 |       |       ||     1
Armor: Robe              |     2 |       |       ||     2
Dodge: Dodged            |     5 |     4 |     6 ||    15

Table legend:
 A = Non-vault XP
 B = Vault XP
 C = Vault XP percentage of total XP
 D = Non-vault monster count
 E = Vault monster count
 F = Vault count percentage of total count
                 A         B        C        D         E       F
            +---------+---------+-------+---------+---------+-------
      Total |       0 |    1766 | 100.0 |       0 |       9 | 100.0
            +---------+---------+-------+---------+---------+-------
          D |       0 |    1766 | 100.0 |       0 |       9 | 100.0
            +---------+---------+-------+---------+---------+-------
